 Dungeon Crawl Stone Soup version 0.30.0-29-ga12c61a403 (webtiles) character file.

Game seed: 8182596453915005125

67 hawla the Firebug (level 4, -4/49 HPs)
             Began as a Meteoran Fire Elementalist on June 15, 2023.
             Killed from afar by Eustachio (13 damage)
             ... with a puff of flame
             ... on level 4 of the Dungeon.
             The game lasted 00:03:32 (640 turns).

hawla the Firebug (Meteoran Fire Elementalist)       Turns: 640, Time: 00:03:33

Health: -4/49      AC:  3    Str:  8 (10) XL:     4   Next: 65%
Magic:  0/10       EV: 12    Int: 21 (24) God:
Gold:   81         SH:  0    Dex: 13 (14) Spells: 2/9 levels left

rFire   . . .        (no weapon)
rCold   . . .        (no shield)
rNeg    . . .        a - +0 robe
rPois   .            e - +0 helmet
rElec   .            (no cloak)
rCorr   .            (no gloves)
SInv    .            (no boots)
Will    .....        (no amulet) Stlth
                     c - +6 ring of intelligence
HPRegen 0.28/turn    (no ring)
MPRegen 0.12/turn

%: no passive effects
@: mighty, brilliant, berserking, glowing, very quick
A: sense surroundings 1, otherworldly, glowing, explore regen
a: no special abilities


You were on level 4 of the Dungeon.
You visited 1 branch of the dungeon, and saw 4 of its levels.

You collected 81 gold pieces.

Inventory:

Armour
 a - a +0 robe (worn)
 e - a +0 helmet (worn)
Jewellery
 c - a +6 ring of intelligence (left hand)
Scrolls
 f - a scroll of silence {unknown}
 g - a scroll of identify {unknown}
 k - a scroll of amnesia {unknown}
 l - a scroll of magic mapping {unknown}
Potions
 i - a potion of might
 j - a potion of heal wounds {unknown}
 m - a potion of lignification {unknown}


   Skills:
 - Level 2.5 Dodging
 - Level 1.4 Stealth
 - Level 3.3 Spellcasting
 + Level 2.6 Conjurations
 - Level 4.8 Fire Magic


You had 2 spell levels left.
You knew the following spells:

 Your Spells              Type           Power      Damage    Failure   Level
a - Foxfire               Conj/Fire      100%       2x1d9     2%          1
b - Scorch                Fire           70%        2d8       2%          2
c - Flame Wave            Conj/Fire      29%        2d9       26%         4

Your spell library contained the following spells:

 Spells                   Type           Power      Damage    Failure   Level
 Inner Flame              Hex/Fire       20%        N/A       14%         3
 Volatile Blastmotes      Fire/Tloc      40%        2d13      14%         3


Dungeon Overview and Level Annotations

Branches:
Dungeon (4/15) Zot: 1760
 Temple: D:4-7

Altars:
Ashenzari
Hepliaklqana

Annotations:
D:4 Eustachio


Innate Abilities, Weirdness & Mutations

You passively map a small area around you.
You are easily found by Zot.
You glow in the dark.
You regain HP and MP as you explore.


Message History

Eustachio gestures wildly while chanting.
Casting: Foxfire (safe; 2% risk of failure)
Confirm with . or Enter, or press ? or * to list all spells.
You conjure some foxfire!
The foxfire hits Eustachio but does no damage.
Eustachio is heavily wounded.
Casting: Foxfire (safe; 2% risk of failure)
Confirm with . or Enter, or press ? or * to list all spells.
Flames lash the quokka.
You kill the quokka!
The quokka's corpse disappears in a puff of smoke!
You hear an angry hiss.
The foxfire hits Eustachio but does no damage.
Eustachio is heavily wounded.
The foxfire hits Eustachio but does no damage.
Eustachio is heavily wounded.
The foxfire hits Eustachio but does no damage.
Eustachio is heavily wounded.
Eustachio hits you with a +5 rapier of flaming!
Eustachio burns you.
It was a potion of degeneration.
There was something very wrong with that liquid.
You feel weakened.
You feel dopey.
You feel clumsy. Eustachio closely misses you.
It was a potion of brilliance.
You feel clever all of a sudden.
A ball python comes into view.
Eustachio hits you with a +5 rapier of flaming.
* * * LOW HITPOINT WARNING * * *
Eustachio burns you.
* * * LOW HITPOINT WARNING * * *
It was a potion of might.
You feel very mighty all of a sudden.
The ball python hisses angrily.
Eustachio barely misses you.
It was a potion of berserk rage.
A red film seems to cover your vision as you go berserk!
You feel yourself moving faster!
You feel mighty!
Eustachio zaps a wand.
The puff of flame hits you!
You die...

#.######## , ####.#.#.##
#.# ,, , .### #...... * #.#
*, , ..( , ......,* #.# ...
,, #.# * ,.., , * #.# *
***###.#* , , #.# , ,.r.#
######.# #@S# , #......#
#@.# * ##.#############..#
#.##.............# .,
#(##.##########.####......
*
#.##.#.......#...........#
#.##.#.#####.#...###.....#,
*
#.##.#...................#
,
#.##.#.....#.#....##.....#,
,
#.##.##....#...#...<.....#
*,


You could see Eustachio (combustible), a river rat (summoned) and a ball python.

Vanquished Creatures
  Robin (D:2)
  An adder (D:2)
  A worm (D:2)
  3 orcs (D:4)
  4 ball pythons
  2 bats
  2 endoplasms
  8 goblins (D:2)
  7 hobgoblins
  2 jackals (D:4)
  2 kobolds
  2 quokkas (D:4)
  2 rats
37 creatures vanquished.

Vanquished Creatures (others)
  91 foxfires
91 creatures vanquished.

Grand Total: 128 creatures vanquished

Notes
Turn   | Place    | Note
-------+----------+-------------------------------------------
     0 | D:1      | hawla the Meteoran Fire Elementalist began the quest for
                  | the Orb.
     0 | D:1      | Reached XP level 1. HP: 14/14 MP: 5/5
    34 | D:2      | Reached XP level 2. HP: 20/20 MP: 5/7
    36 | D:2      | Noticed Robin
    48 | D:2      | Killed Robin
    49 | D:2      | Reached skill level 4 in Fire Magic
    49 | D:2      | Reached XP level 3. HP: 12/26 MP: 0/8
   158 | D:2      | Learned a level 2 spell: Scorch
   180 | D:2      | Reached XP level 4. HP: 32/33 MP: 2/10
   190 | D:2      | Found a hazy altar of Hepliaklqana.
   233 | D:3      | Learned a level 4 spell: Flame Wave
   548 | D:4      | Found a broken altar of Ashenzari.
   627 | D:4      | Noticed Eustachio
   640 | D:4      | Killed from afar by Eustachio

Illustrated notes

Levels and vault maps discovered:
D:1:      minmay_arrival_five_plusses, layout_basic, kennysheep_doodads,
          nicolae_eternal_life
D:2:      layout_basic, basic_altar, st_stairs_8, uniq_robin
D:3:      layout_rooms, gammafunk_ghost_icy
D:4:      layout_basic, kennysheep_little_box, biasface_ghost_orc_armoury,
          chequers_serial_rivers_marsh, uniq_eustachio

Skill      XL: |  1  2  3  4 |
---------------+-------------+-----
Spellcasting   | 3 |  3.3
Fire Magic     | 4 |  4.8
Conjurations   | 2 |  2.6
Dodging        | |  2.5
Stealth        | |  1.4

Action                     |  1- 3 |  4- 6 || total
---------------------------+-------+-------++-------
   Cast: Foxfire           |    28 |    24 ||    52
         Scorch            |       |     5 ||     5
    Use: Potion            |     1 |     4 ||     5
 Armour: Robe              |     1 |       ||     1
  Dodge: Dodged            |     6 |     2 ||     8
